 Dungeon Crawl Stone Soup version 0.29.0-4-gdea44cf6ec (webtiles) character file.

Game seed: 13451446392772087120

94 qw the Chopper (level 4, 0/26 HPs)
             Began as a Tengu Warper on Aug 28, 2022.
             Was an Initiate of Okawaru.
             Killed from afar by Ijyb (3 damage)
             ... with a puff of flame
             ... on level 3 of the Dungeon.
             The game lasted 00:00:12 (2044 turns).

qw the Chopper (Tengu Warper)                       Turns: 2044, Time: 00:00:12

Health: 0/26       AC:  6    Str: 13    XL:     4   Next: 63%
Magic:  8/8        EV:  9    Int: 14    God:    Okawaru [......]
Gold:   150        SH:  0    Dex: 13    Spells: 7/7 levels left

rFire   + . .      SeeInvis .   Y - +1 hand axe
rCold   . . .      Faith    .   (no shield)
rNeg    . . .      Spirit   .   d - +0 scale mail
rPois   .          Reflect  .   (helmet restricted)
rElec   .          Harm     .   (no cloak)
rCorr   .          Rampage  .   (no gloves)
Will    .....                   (boots unavailable)
Stlth   ..........              (no amulet)
HPRegen 0.08/turn               j - ring of protection from fire
MPRegen 0.11/turn               (no ring)

@: about to teleport
A: beak, talons 3
a: Renounce Religion


You were on level 3 of the Dungeon.
You worshipped Okawaru.
Okawaru was noncommittal.
You visited 1 branch of the dungeon, and saw 3 of its levels.

You collected 150 gold pieces.


Innate Abilities, Weirdness & Mutations

You have a beak for a mouth.
You have claws for feet.


   Skills:
 - Level 2.0 Fighting
 + Level 5.2 Axes
 - Level 1.0 Throwing
 - Level 1.1 Armour
 - Level 2.1 Dodging
 - Level 2.0 Spellcasting
 - Level 2.4 Translocations


You had 7 spell levels left.
You didn't know any spells.
Your spell library contained the following spells:

 Spells                   Type           Power      Damage    Failure   Level
 Blink                    Tloc           16%        N/A       54%         2
 Gell's Gravitas          Tloc           8%         N/A       78%         3
 Lesser Beckoning         Tloc           8%         N/A       78%         3
 Teleport Other           Tloc           8%         N/A       78%         3
 Manifold Assault         Tloc           8%         N/A       100%        5

Inventory:

Hand Weapons
 e - a +0 club
 Y - a +1 hand axe (weapon)
Armour
 d - a +0 scale mail (worn)
Jewellery
 j - a ring of protection from fire (left hand)
Scrolls
 a - 2 scrolls of identify
Potions
 b - 2 potions of haste
 g - a potion of curing {unknown}
 i - a potion of flight {unknown}

Dungeon Overview and Level Annotations

Branches:
Dungeon (3/15)

Altars:
Okawaru
Zin

Annotations:
D:3 Ijyb


Message History

You hit Ijyb but do no damage.
Ijyb is lightly wounded.
Ijyb barely misses you.
You hit Ijyb.
Ijyb is moderately wounded.
Ijyb hits you with a +0 club.
You closely miss Ijyb.
Ijyb is moderately wounded.
Ijyb zaps a wand.
The puff of flame hits you but does no damage.
You resist.
You barely miss Ijyb. You claw Ijyb, but do no damage.
Ijyb is moderately wounded.
Ijyb closely misses you.
You barely miss Ijyb. Your kick misses Ijyb. You peck Ijyb, but do no damage.
Ijyb is moderately wounded.
Ijyb hits you with a +0 club.
You hit Ijyb.
Ijyb is heavily wounded.
Ijyb zaps a wand.
The puff of flame misses you.
You barely miss Ijyb. You claw Ijyb.
Ijyb is heavily wounded.
Ijyb closely misses you.
You closely miss Ijyb. Your kick misses Ijyb.
Ijyb is heavily wounded.
Ijyb zaps a wand.
The puff of flame misses you.
You barely miss Ijyb.
Ijyb is heavily wounded.
Ijyb hits you but does no damage.
You closely miss Ijyb. Your kick misses Ijyb. You peck Ijyb, but do no damage.
Ijyb is heavily wounded.
Ijyb hits you with a +0 club.
2043 ||| READING scroll of teleportation.
As you read the scroll of teleportation, it crumbles to dust.
You feel strangely unstable. Ijyb hits you with a +0 club.
You hit Ijyb. Your kick misses Ijyb.
Ijyb is heavily wounded.
Ijyb zaps a wand.
The puff of flame hits you. You resist.
You die...

#.#....#.....#
#......#.###.#
..#..8.#.....#
.###.....###.#
.#.#..8..# #.#
.#_'.....#
#.######
.#.#..8..#
#......#
.###.....#
#####g##
..#g.8...# #@#
#.....##.# #.#
#.######.# #.#
#.######.# #.#
.........# #.#
#.######## #.#
#.# #.# #.#
#<# #g# ###


You could see Ijyb.

Vanquished Creatures
  3 adders
  2 gnolls (D:3)
  4 dart slugs
  An orc (D:3)
  3 bats
  4 endoplasms
  2 giant cockroaches
  5 goblins
  4 hobgoblins
  4 kobolds
  A quokka (D:3)
  A ball python (D:2)
  A frilled lizard (D:1)
  A rat (D:2)
36 creatures vanquished.

Notes
Turn   | Place    | Note
-------+----------+-------------------------------------------
     0 | D:1      | qw the Tengu Warper began the quest for the Orb.
     0 | D:1      | Reached XP level 1. HP: 12/12 MP: 4/4
     0 | D:1      | 0 ||| qw: Version: 0.1-a-89-g26bdef1
     0 | D:1      | 0 ||| qw: Game counter: 2200
     0 | D:1      | 0 ||| qw: Always use a shield: true
     0 | D:1      | 0 ||| qw: God list: Okawaru
     0 | D:1      | 0 ||| qw: Allow faded altars: false
     0 | D:1      | 0 ||| qw: Do Orc after D:15 true
     0 | D:1      | 0 ||| qw: Do second Lair branch before Depths: true
     0 | D:1      | 0 ||| qw: Lair rune preference: random
     0 | D:1      | 0 ||| qw: Plans: Normal
     0 | D:1      | 0 ||| PLANNING D:1-11
   327 | D:1      | Reached XP level 2. HP: 12/17 MP: 6/6
   472 | D:1      | Reached skill level 3 in Axes
   737 | D:1      | 737 ||| UPGRADING to +0 scale mail.
   747 | D:1      | 747 ||| DROPPING +0 leather armour.
   748 | D:1      | 748 ||| DROPPING +0 ring mail.
   749 | D:1      | 749 ||| READING 2 scrolls labelled FOTRIN HUTEDEG.
   750 | D:1      | 750 ||| READING scroll labelled DITTIC ZOPS.
   751 | D:1      | 751 ||| READING scroll labelled QIHOMP COSHRUT.
   755 | D:1      | 755 ||| DROPPING scroll of blinking.
   835 | D:2      | 835 ||| Stepping ~*~*~tactically~*~*~ (stealth).
  1122 | D:2      | Reached XP level 3. HP: 21/21 MP: 7/7
  1266 | D:2      | 1266 ||| UPGRADING to ring of protection from fire.
  1267 | D:2      | 1267 ||| READING scroll labelled JONOSE XENKI.
  1268 | D:2      | 1268 ||| READING scroll labelled VULIFE ACRY.
  1269 | D:2      | 1269 ||| READING scroll labelled MYFYQO SAAKK.
  1270 | D:2      | 1270 ||| DRINKING 2 viscous white potions.
  1313 | D:3      | Reached skill level 4 in Axes
  1382 | D:3      | Found a glowing silver altar of Zin.
  1590 | D:3      | Reached XP level 4. HP: 16/26 MP: 8/8
  1597 | D:3      | Reached skill level 5 in Axes
  1606 | D:3      | 1606 ||| FLEEEEING.
  1725 | D:3      | Found an iron altar of Okawaru.
  1734 | D:3      | Became a worshipper of Warmaster Okawaru
  1975 | D:3      | Noticed Ijyb
  1977 | D:3      | 1977 ||| FLEEEEING.
  1978 | D:3      | 1978 ||| FLEEEEING.
  1979 | D:3      | 1979 ||| FLEEEEING.
  1980 | D:3      | 1980 ||| FLEEEEING.
  1983 | D:3      | 1983 ||| FLEEEEING.
  1984 | D:3      | 1984 ||| FLEEEEING.
  1985 | D:3      | 1985 ||| FLEEEEING.
  1986 | D:3      | 1986 ||| FLEEEEING.
  1991 | D:3      | 1991 ||| FLEEEEING.
  1992 | D:3      | 1992 ||| FLEEEEING.
  1995 | D:3      | 1995 ||| FLEEEEING.
  1996 | D:3      | 1996 ||| FLEEEEING.
  1997 | D:3      | 1997 ||| FLEEEEING.
  1998 | D:3      | 1998 ||| FLEEEEING.
  1999 | D:3      | 1999 ||| FLEEEEING.
  2000 | D:3      | 2000 ||| FLEEEEING.
  2001 | D:3      | 2001 ||| FLEEEEING.
  2002 | D:3      | 2002 ||| FLEEEEING.
  2003 | D:3      | 2003 ||| FLEEEEING.
  2004 | D:3      | 2004 ||| FLEEEEING.
  2005 | D:3      | 2005 ||| FLEEEEING.
  2006 | D:3      | 2006 ||| FLEEEEING.
  2007 | D:3      | 2007 ||| FLEEEEING.
  2012 | D:3      | 2012 ||| FLEEEEING.
  2013 | D:3      | 2013 ||| FLEEEEING.
  2014 | D:3      | 2014 ||| FLEEEEING.
  2015 | D:3      | 2015 ||| FLEEEEING.
  2042 | D:3      | HP: 5/26 [Ijyb/+0 club (3)]
  2043 | D:3      | 2043 ||| READING scroll of teleportation.
  2044 | D:3      | Killed from afar by Ijyb

Levels and vault maps discovered:
D:1:      wander_arrival_fairy_ring, layout_basic, serial_bayou_pond_d
D:2:      layout_basic
D:3:      layout_basic, zin_statuary, okawaru_altar_gauntlet_db,
          basic_ecumenical_altar, minmay_misc_feat_plants, uniq_ijyb

Skill      XL: |  1  2  3  4 |
---------------+-------------+-----
Axes           | 3 4 5 |  5.2
Fighting       | |  2.0
Throwing       | |  1.0
Armour         | |  1.1
Dodging        | |  2.1
Spellcasting   | |  2.0
Translocations | |  2.4

Action                   |  1- 3 |  4- 6 || total
-------------------------+-------+-------++-------
Melee: Hand axe          |    56 |    34 ||    90
       Kick              |    12 |     9 ||    21
       Peck              |     7 |     3 ||    10
Throw: Boomerang         |     7 |       ||     7
  Use: Scroll            |     6 |     1 ||     7
       Potion            |     1 |       ||     1
Armor: Scale mail        |    25 |     8 ||    33
Dodge: Dodged            |    26 |    19 ||    45

Table legend:
 A = Non-vault XP
 B = Vault XP
 C = Vault XP percentage of total XP
 D = Non-vault monster count
 E = Vault monster count
 F = Vault count percentage of total count
                 A         B        C        D         E       F
            +---------+---------+-------+---------+---------+-------
      Total |      97 |      38 |  28.1 |      30 |       6 |  16.7
            +---------+---------+-------+---------+---------+-------
        D:1 |      11 |       0 |   0.0 |       6 |       0 |   0.0
        D:2 |      31 |       0 |   0.0 |      10 |       0 |   0.0
        D:3 |      55 |      38 |  40.9 |      14 |       6 |  30.0
            +---------+---------+-------+---------+---------+-------
